 Dungeon Crawl Stone Soup version 0.23.2-1-ga50397a6bc (webtiles) character file.

Game seed: 7940197831143863983

861 Gargoyl the Schismatic (level 7, 0/59 HPs)
             Began as a Centaur Abyssal Knight on May 1, 2019.
             Was an Elder of Lugonu.
             Slain by a centaur zombie (1 damage)
             ... in an ossuary.
             The game lasted 00:08:29 (6091 turns).

Gargoyl the Schismatic (Centaur Abyssal Knight)     Turns: 6091, Time: 00:08:30

Health: 0/59       AC:  7    Str: 15    XL:     7   Next: 71%
Magic:  10/10      EV: 11    Int: 11    God:    Lugonu [****..]
Gold:   239        SH:  3    Dex: 10    Spells: 6/6 levels left

rFire    + . .     SeeInvis .   a - +1 hand axe
rCold    . . .     Gourm    .   k - +0 buckler
rNeg     . . .     Faith    .   b - +1 leather armour
rPois    .         Spirit   .   m - +0 helmet
rElec    .         Reflect  .   (no cloak)
rCorr    .         Harm     .   (no gloves)
MR       .....                  (no barding)
Stlth    +.........             u - amulet of rage
HPRegen  0.19/turn              f - +2 ring of evasion
MPRegen  0.12/turn              n - ring of protection from fire

@: marked, flying, hasted, very quick
A: large, hooves 3, deformed body, speed 2, tough skin 3
a: Depart the Abyss, Bend Space, Banish, Corrupt, Renounce Religion, Evoke
Berserk Rage


You were in an ossuary.
You worshipped Lugonu.
Lugonu was greatly pleased with you.
You were hungry.

You visited 1 branch of the dungeon, and saw 5 of its levels.
You visited the Abyss 1 time.
You also visited: Sewer and Ossuary.

You collected 239 gold pieces.

Inventory:

Hand Weapons
 a - a +1 hand axe (weapon)
 e - the +3 morningstar of Dissent {drain, rF++ Int+3 Dex+5}
   (You found it on level 2 of the Abyss)

   A truly terrible weapon, it drains the life of those it strikes.
   It affects your intelligence (+3).
   It affects your dexterity (+5).
   It greatly protects you from fire.
 w - a +0 war axe
Missiles
 d - 12 tomahawks (quivered)
Armour
 b - a +1 leather armour (worn)
 k - a +0 buckler (worn)
 m - a +0 helmet (worn)
Jewellery
 f - a +2 ring of evasion (left hand)
 n - a ring of protection from fire (right hand)
 u - an amulet of rage (around neck)
Wands
 t - a wand of enslavement (8)
Scrolls
 g - 4 scrolls of amnesia
 h - a scroll of identify
 j - 3 scrolls of remove curse
 v - a scroll of enchant armour
Potions
 i - a potion of lignification
 l - 2 potions of haste
 o - 3 potions of heal wounds {unknown}
 p - a potion of mutation
 q - 3 potions of flight
 s - 2 potions of curing {unknown}
 x - a potion of resistance {unknown}
Comestibles
 c - 9 rations


   Skills:
 + Level 4.1 Fighting
 - Level 1.9(3.2) Axes
 + Level 4.0(4.2) Maces & Flails
 + Level 0.1 Throwing
 * Level 3.1 Armour
 * Level 2.9 Dodging
 + Level 0.7 Shields
 * Level 4.4 Invocations


You had 6 spell levels left.
You didn't know any spells.
Your spell library was empty.

Dungeon Overview and Level Annotations

Branches:
Dungeon (5/15)             Temple (0/1) D:4

Altars:
Ashenzari
Elyvilon
Vehumet
Wu Jian


Innate Abilities, Weirdness & Mutations

You have hooves in place of feet.
Armour fits poorly on your strangely shaped body.
You cover ground very quickly.
You have extremely tough skin. (AC +3)


Message History

You block the centaur zombie's attack.
The big kobold zombie hits you but does no damage.
It was a potion of flight.
You feel very buoyant.
You fly up into the air.
The centaur zombie hits you but does no damage.
The big kobold zombie closely misses you.
The hobgoblin zombie hits you.
* * * LOW HITPOINT WARNING * * *
The big kobold zombie hits you.
* * * LOW HITPOINT WARNING * * *
It was a potion of haste.
You feel yourself speed up.
You recover from your berserk rage.
The centaur zombie hits you but does no damage.
The big kobold zombie hits you.
* * * LOW HITPOINT WARNING * * *
You block the hobgoblin zombie's attack.
The big kobold zombie hits you but does no damage.
The centaur zombie hits you.
You die...

#
.#§###########
.§^§.........##
........M...ZZ#
.§.^Z.∩.M...Z@#
^...§§.M....Z.#
.............##
.#.###########
#


You could see 3 mummies, a hobgoblin zombie, 2 big kobold zombies and a centaur
zombie.

Vanquished Creatures
  An ogre (D:4)
  A big kobold (Sewer)
  A bullfrog (D:4)
  2 scorpions
  A crimson imp (D:5)
  2 centaur zombies (Ossuary)
  A hound (D:1)
  An orc wizard (D:4)
  A bullfrog skeleton (D:4)
  2 worker ants
  An iguana (D:5)
  A big kobold zombie (Ossuary)
  A hound skeleton (D:4)
  3 mummies (Ossuary)
  Robin (D:2)
  5 adders
  3 river rats
  An adder zombie (D:2)
  2 worms
  2 dart slugs
  7 leopard geckos
  5 orcs
  7 giant cockroaches
  19 goblins
  9 hobgoblins
  8 jackals
  11 kobolds
  A quokka (D:2)
  2 ball pythons
  6 bats
  12 frilled lizards
  A hobgoblin zombie (Ossuary)
  A jackal skeleton (D:4)
  8 rats
130 creatures vanquished.

Vanquished Creatures (others)
  A plant (D:5)
1 creature vanquished.

Grand Total: 131 creatures vanquished

Notes
Turn   | Place    | Note
-------+----------+-------------------------------------------
     0 | Abyss:1  | Gargoyl the Centaur Abyssal Knight began the quest for the
                  | Orb.
     0 | Abyss:1  | Reached XP level 1. HP: 19/19 MP: 2/2
    56 | Abyss:1  | Noticed a chaos spawn
   134 | Abyss:1  | Noticed a hell hog
   234 | Abyss:2  | Noticed a large abomination
   234 | Abyss:2  | Noticed a large abomination
   238 | Abyss:2  | Got a scorched morningstar
   239 | D:1      | Escaped the Abyss
   240 | D:1      | Identified the +3 morningstar of Dissent {drain, rF++ Int+3
                  | Dex+5} (You found it on level 2 of the Abyss)
   649 | D:1      | Reached XP level 2. HP: 20/26 MP: 3/3
   652 | D:1      | Reached skill level 1 in Dodging
   658 | D:1      | Reached * piety under Lugonu
  1133 | D:1      | Reached XP level 3. HP: 22/31 MP: 4/4
  1654 | D:2      | Noticed Robin
  1813 | D:2      | Killed Robin
  1813 | D:2      | Reached skill level 1 in Maces & Flails
  1831 | D:1      | Reached XP level 4. HP: 15/38 MP: 5/5
  2035 | D:2      | Reached ** piety under Lugonu
  2387 | D:2      | Found a shattered altar of Ashenzari.
  2576 | D:2      | Reached XP level 5. HP: 35/45 MP: 5/7
  3017 | D:2      | Found an ornate altar of the Wu Jian Council.
  4536 | D:4      | Reached XP level 6. HP: 51/51 MP: 8/8
  4573 | D:4      | Reached *** piety under Lugonu
  4778 | D:4      | Found a glowing drain.
  4783 | Sewer    | Entered a sewer
  5022 | Sewer    | Found a glowing silver altar of Zin.
  5082 | D:4      | Found a white marble altar of Elyvilon.
  5088 | D:4      | Reached XP level 7. HP: 56/58 MP: 9/9
  5125 | D:4      | Found a staircase to the Ecumenical Temple.
  5525 | D:5      | Entered Level 5 of the Dungeon
  5926 | D:5      | Found a radiant altar of Vehumet.
  6039 | D:5      | Found a sand-covered staircase.
  6044 | Ossuary  | Entered an ossuary
  6075 | Ossuary  | Reached **** piety under Lugonu
  6091 | Ossuary  | HP: 1/59 [big kobold zombie (2)]
  6091 | Ossuary  | Slain by a centaur zombie

Skill      XL: |  1  2  3  4  5  6  7 |
---------------+----------------------+-----
Dodging        | 1 2 |  2.9
Maces & Flails | 1 2 3 4 |  4.0
Armour         | 2 3 |  3.1
Invocations    | 3 4 |  4.4
Fighting       | 4 |  4.1
Axes           | |  1.9
Throwing       | |  0.1
Shields        | |  0.7

Action                   |  1- 3 |  4- 6 |  7- 9 || total
-------------------------+-------+-------+-------++-------
Melee: Morningstar       |    68 |   158 |    58 ||   284
       Hand axe          |    14 |       |    11 ||    25
       Kick              |     8 |    23 |    24 ||    55
Throw: Tomahawk          |       |     3 |       ||     3
Invok: Depart the Abyss  |     1 |       |       ||     1
 Abil: Evoke Berserk Rag |       |       |     1 ||     1
  Use: Scroll            |     2 |     8 |       ||    10
       Potion            |     2 |       |     2 ||     4
  Eat: Chunk             |     2 |     5 |     3 ||    10
       Ration            |       |     1 |       ||     1
Armor: Leather armour    |    61 |    52 |    45 ||   158
Dodge: Dodged            |    88 |    88 |    76 ||   252
Block: Buckler           |     5 |    26 |    18 ||    49
